 Dungeon Crawl Stone Soup version 0.18.1-48-g4cf74bf (webtiles) character file.

5107 tyranidshit the Fighter (level 10, -3/102 HPs)
             Began as a Deep Dwarf Necromancer on July 10, 2016.
             Was a Follower of Makhleb.
             Slain by a troll (4 damage)
             ... on level 9 of the Dungeon.
             The game lasted 00:56:56 (7162 turns).

tyranidshit the Fighter (Deep Dwarf Necromancer)    Turns: 7162, Time: 00:56:57

Health: -3/102     AC:  9    Str: 12    XL:     10   Next: 32%
Magic:  1/30       EV: 12    Int: 19    God:    Makhleb [*.....]
Gold:   309        SH:  0    Dex: 13    Spells: 2 memorised, 23 levels left

rFire  + + .     SeeInvis +     L - +5 whip of the Eleven Stars {flame, rF++ MP+9}
rCold  . . .     Gourm    .     m - +0 robe {rN+}
rNeg   + . .     Faith    .     (no shield)
rPois  .         Spirit   .     (no helmet)
rElec  .         Dismiss  .     j - +2 cloak
rCorr  .         Reflect  .     J - +2 pair of gloves
SustAt .         Harm     .     y - +0 pair of boots
MR     +....                    (no amulet)
Stlth  ++........               (no ring)
                                (no ring)

@: non-regenerating, somewhat resistant to hostile enchantments, unstealthy
A: damage resistance, recharge devices, see invisible, low mp 1, sense
surroundings 2, slow regeneration 3, subdued magic 1
a: Device Recharging, Renounce Religion


You were on level 9 of the Dungeon.
You worshipped Makhleb.
Makhleb was aware of your devotion.
You were not hungry.

You visited 2 branches of the dungeon, and saw 10 of its levels.

You collected 432 gold pieces.
You spent 123 gold pieces at shops.

Inventory:

Hand Weapons
 B - a +2 quarterstaff of chaos
 L - the +5 whip of the Eleven Stars (weapon) {flame, rF++ MP+9}
   (You found it on level 8 of the Dungeon)

   It has been specially enchanted to burn those struck by it, causing extra
   injury to most foes and up to half again as much damage against particularly
   susceptible opponents.
   It greatly protects you from fire.
   It affects your magic capacity (+9).
Armour
 j - a +2 cloak (worn)
 m - a +0 robe of positive energy (worn)
 y - a +0 pair of boots (worn)
 D - a +0 cloak of magic resistance
 J - a +2 pair of gloves (worn)
 N - a +0 robe
Jewellery
 f - an uncursed ring of sustain attributes
 k - an uncursed ring of stealth
 r - a -4 ring of protection
 z - an uncursed amulet of regeneration
 H - an uncursed ring of see invisible
Wands
 a - a wand of disintegration (12/24)
 c - a wand of heal wounds (2/9)
 g - a wand of slowing (22/48)
 o - a wand of teleportation (6/9)
 K - a wand of flame (11/48)
Scrolls
 e - a scroll of magic mapping
 h - 2 scrolls of fog
 i - 2 scrolls of teleportation
 l - a scroll of immolation
 q - 4 scrolls of identify
 s - 2 scrolls of remove curse
Potions
 n - a potion of brilliance
 u - 3 potions of degeneration
 x - a potion of agility
 A - a potion of lignification
Books
 b - a book of Necromancy

   Spells                             Type                      Level
   a - Pain                           Necromancy                   1
   b - Animate Skeleton               Necromancy                   1
   c - Vampiric Draining              Necromancy                   3
   d - Regeneration                   Charms/Necromancy            3
   e - Animate Dead                   Necromancy                   4
   f - Control Undead                 Necromancy                   4
 p - a book of Unlife

   Spells                             Type                      Level
   a - Recall                         Summoning/Translocation      3
   b - Animate Dead                   Necromancy                   4
   c - Control Undead                 Necromancy                   4
   d - Cigotuvi's Embrace             Necromancy                   5
   e - Death Channel                  Necromancy                   6
   f - Simulacrum                     Ice/Necromancy               6
 v - a book of Geomancy

   Spells                             Type                      Level
   a - Sandblast                      Earth                        1
   b - Passwall                       Transmutation/Earth          2
   c - Stone Arrow                    Conjuration/Earth            3
   d - Petrify                        Transmutation/Earth          4
   e - Lee's Rapid Deconstruction     Earth                        5
Comestibles
 d - 4 bread rations
 t - 4 meat rations
 E - 5 beef jerkies
 G - 8 slices of pizza


   Skills:
 + Level 9.8 Fighting
 - Level 2.2 Dodging
 - Level 2.4 Stealth
 + Level 9.3 Spellcasting
 - Level 4.5 Necromancy


You had 23 spell levels left.
You knew the following spells:

 Your Spells              Type           Power        Failure   Level  Hunger
a - Pain                  Necr           ###.         1%          1    None
b - Vampiric Draining     Necr           ###.......   3%          3    None


Dungeon Overview and Level Annotations

Branches:
Dungeon (9/15)             Temple (1/1) D:6
   Lair: D:8-11         Orc: D:9-12

Altars:
Ashenzari
Cheibriados
Dithmenos
Elyvilon
Fedhas
Gozag
Kikubaaqudgha
Makhleb
Nemelex Xobeh
Okawaru
Pakellas
Qazlal
Ru
Sif Muna
Trog
Vehumet
Xom
Yredelemnul
Zin
The Shining One

Shops:
D:9 ?


Innate Abilities, Weirdness & Mutations

You are resistant to damage.
You can recharge devices by infusing magical energy.
You passively map the area around you.
You do not regenerate naturally.
You have supernaturally acute eyesight.
Your magical capacity is low (-10% MP).
Your spells are a little easier to cast, but a little less powerful.


Message History

Casting: Vampiric Draining
Confirm with . or Enter, or press ? or * to list all spells.
Aiming: Vampiric Draining
Press: ? - help, Shift-Dir - straight line, f/p - troll
Aim: a troll (heavily wounded)
The troll is severely wounded.
You feel life coursing into your body. The troll barely misses you.
The troll claws you!
* * * LOW HITPOINT WARNING * * *
The troll claws you!
* * * LOW HITPOINT WARNING * * *
Casting: Vampiric Draining
Confirm with . or Enter, or press ? or * to list all spells.
Aiming: Pain
Press: ? - help, Shift-Dir - straight line, f/p - troll
Aim: a troll (severely wounded, chance to defeat MR: 80%)
The troll convulses in agony!
The troll bites you.
* * * LOW HITPOINT WARNING * * *
The troll claws you.
You die...

##### ####...##
###.).....###### ###
##..............### ##.##
#.............T@..### #...##
##............####...######...#
#.............#
##...........###
))#..........## ##.......##....
.##..........# #...########..
.###........## #...# ### ##
#.......## #..## # ##......#
#..# ## #.....## #..# ##


You could see a troll.

Vanquished Creatures
  Erica (D:9)
  Maurice (D:8)
  Psyche (D:9)
  Sigmund (D:4)
  Eustachio (D:5)
  A human (D:7)
  2 hungry ghosts
  The ghost of Rationalist the Shield-Bearer, an amateur FoFi (D:4)
  A water moccasin (D:9)
  An ice beast (D:9)
  2 orc warriors
  2 phantoms
  A sky beast (D:7)
  A black bear (D:6)
  A wasp (D:9)
  4 centaurs
  3 ogres
  A giant frog (D:7)
  3 scorpions
  5 killer bees (D:9)
  A howler monkey (D:6)
  6 crimson imps
  4 hounds
  Crazy Yiuf (D:4)
  A centaur skeleton (D:7)
  2 jellies (D:6)
  2 giant frog skeletons
  4 orc wizards (D:6)
  4 worker ants
  A killer bee zombie (D:9)
  4 sheep (D:7)
  A worker ant zombie (D:6)
  3 gnolls (D:4)
  2 howler monkey skeletons
  12 adders
  A shadow imp (D:7)
  An ooze (D:6)
  2 worms
  3 dart slugs
  3 giant geckos
  22 orcs
  6 giant cockroaches
  6 hobgoblins
  11 jackals
  A quokka (D:2)
  6 bats
  4 giant newts
  8 goblins
  8 kobolds
  2 quokka skeletons
  12 rats
178 creatures vanquished.

Vanquished Creatures (others)
  A hungry ghost (D:3)
  An ogre (D:9)
  An orc wizard (D:3)
  2 orcs (D:9)
  A quokka (D:9)
6 creatures vanquished.

Grand Total: 184 creatures vanquished

Notes
Turn   | Place    | Note
--------------------------------------------------------------
     0 | D:1      | tyranidshit the Deep Dwarf Necromancer began the quest for the Orb.
     0 | D:1      | Reached XP level 1. HP: 15/15 MP: 3/3
   226 | D:1      | Reached XP level 2. HP: 20/24 MP: 0/4
   427 | D:1      | Reached skill level 1 in Fighting
   750 | D:2      | Reached XP level 3. HP: 24/31 MP: 0/6
  1019 | D:2      | Learned a level 3 spell: Vampiric Draining
  1137 | D:2      | Reached XP level 4. HP: 15/40 MP: 0/7
  1492 | D:3      | Found a shadowy altar of Dithmenos.
  1631 | D:3      | Found a stormy altar of Qazlal.
  1645 | D:3      | Found a sacrificial altar of Ru.
  1645 | D:3      | Found a white marble altar of Elyvilon.
  1651 | D:3      | Found a bloodstained altar of Trog.
  1652 | D:3      | Found a basalt altar of Yredelemnul.
  1862 | D:3      | Reached XP level 5. HP: 46/49 MP: 1/9
  1958 | D:3      | Found an oddly glowing altar of Pakellas.
  1958 | D:3      | Noticed a hungry ghost
  1987 | D:3      | Killed a hungry ghost
  2177 | D:4      | Got an ivory long sword
  2178 | D:4      | Identified the +5 long sword of Matul Diamm {pain, +Fly rPois rF-} (You found it on level 4 of the Dungeon)
  2204 | D:4      | Noticed Rationalist's ghost (amateur FoFi)
  2398 | D:4      | Reached XP level 6. HP: 24/57 MP: 4/11
  2452 | D:4      | Noticed Sigmund
  2467 | D:4      | Killed Sigmund
  2731 | D:4      | Reached XP level 7. HP: 21/66 MP: 9/13
  2805 | D:4      | Noticed Crazy Yiuf
  2813 | D:4      | Killed Crazy Yiuf
  2935 | D:4      | Killed Rationalist's ghost
  2935 | D:4      | Reached skill level 5 in Fighting
  3105 | D:5      | Entered Level 5 of the Dungeon
  3171 | D:5      | Reached skill level 5 in Spellcasting
  3316 | D:5      | Got an ancient short sword
  3317 | D:5      | Identified the +4 short sword of Sulphur {flame, *Drain rPois Dex+3} (You found it on level 5 of the Dungeon)
  3455 | D:5      | Noticed Eustachio
  3509 | D:5      | Killed Eustachio
  3838 | D:6      | Reached XP level 8. HP: 26/76 MP: 0/16
  3879 | D:6      | Gained mutation: Your magical capacity is low (-10% MP). [potion of mutation]
  3879 | D:6      | Gained mutation: Your spells are a little easier to cast, but a little less powerful. [potion of mutation]
  3879 | D:6      | Gained mutation: You have supernaturally acute eyesight. [potion of mutation]
  4325 | D:6      | Found a staircase to the Ecumenical Temple.
  4335 | Temple   | Entered the Ecumenical Temple
  4936 | D:7      | Gained mutation: You passively map the area around you. [Deep Dwarf growth]
  4936 | D:7      | Reached XP level 9. HP: 32/86 MP: 0/17
  5454 | D:8      | Found a burning altar of Makhleb.
  5462 | D:8      | Became a worshipper of Makhleb the Destroyer
  5465 | D:8      | Got a steaming whip
  5466 | D:8      | Identified the +5 whip of the Eleven Stars {flame, rF++ MP+9} (You found it on level 8 of the Dungeon)
  5838 | D:8      | Noticed Maurice
  6261 | D:8      | Killed Maurice
  6491 | D:9      | Paralysed by a wasp for 3 turns
  6529 | D:9      | Found a shimmering altar of Xom.
  6630 | D:9      | Reached * piety under Makhleb
  6659 | D:9      | Noticed Erica
  6660 | D:9      | Noticed Psyche
  6676 | D:9      | Killed Erica
  6676 | D:9      | Reached XP level 10. HP: 60/99 MP: 2/20
  6688 | D:9      | Killed Psyche
  7003 | D:9      | Found Fufos's Magic Scroll Boutique.
  7006 | D:9      | Bought a scroll of recharging for 123 gold pieces
  7162 | D:9      | HP: 1/102 [troll (5)]
  7162 | D:9      | Slain by a troll

Skill      XL: |  1  2  3  4  5  6  7  8  9 |
---------------+----------------------------+-----
Spellcasting   | 2 3 4 5 7 9 |  9.3
Fighting       | 1 2 3 4 6 7 9 |  9.8
Dodging        | |  2.2
Stealth        | |  2.4
Necromancy     | |  4.5

Action                   |  1- 3 |  4- 6 |  7- 9 | 10-12 || total
-------------------------+-------+-------+-------+-------++-------
Melee: Whip              |    40 |       |   102 |    82 ||   224
       Unarmed           |     1 |       |       |       ||     1
       Dagger            |    13 |    87 |       |       ||   100
       Scythe            |     3 |       |       |       ||     3
       Long sword        |       |    23 |   156 |       ||   179
       Short sword       |       |       |     3 |       ||     3
 Cast: Pain              |    53 |    20 |    16 |     4 ||    93
       Vampiric Draining |     5 |    23 |    97 |    15 ||   140
Evoke: Wand              |     1 |     1 |    12 |     1 ||    15
  Use: Scroll            |     5 |     5 |     6 |     3 ||    19
       Potion            |       |       |    13 |     2 ||    15
 Stab: Sleeping          |     1 |     1 |     2 |       ||     4
       Distracted        |       |     1 |       |       ||     1
  Eat: Bread ration      |     1 |     2 |     7 |     1 ||    11
Armor: Robe              |    17 |    51 |   136 |    49 ||   253
Dodge: Dodged            |    63 |    89 |   355 |    86 ||   593
